Map: Agria Valley

Players

DMT

  • Race: Protoss Protoss
  • Spawn Location: 11:00

Gracz - Winner!

  • Race: Protoss Protoss
  • League: Silver
  • Spawn Location: 5:00

VOD

Have the link to the VOD?

Description

Time

  • Played on: Oct. 30, 2016, 5:59 p.m.
  • Length: 9:23
Show
View Real Time Build Order
Export as new Build Order

DMT Protoss 

Build Orders:  

Get SALT Encoding   

  12  0:01  Probe (Chrono Boost)  
  13  0:13  Pylon  
  13  0:18  Probe (Chrono Boost)  
  14  0:29  Probe (Chrono Boost)  
  15  0:38  Gateway  
  15  0:39  Probe (Chrono Boost)  
  17  0:50  Probe (Chrono Boost)  
  17  0:52  Assimilator  
  17  1:00  Probe (Chrono Boost)  
  17  1:02  Pylon  
  18  1:10  Assimilator  
  18  1:11  Probe (Chrono Boost)  
  19  1:21  Probe (Chrono Boost)  
  20  1:27  Zealot  
  20  1:32  Probe (Chrono Boost)  
  23  1:33  Cybernetics Core  
  23  1:47  Gateway  
  23  1:55  Warp Gate  
  23  1:56  Zealot  
  25  2:01  Probe (Chrono Boost)  
  26  2:14  Probe (Chrono Boost)  
  27  2:19  Pylon  
  27  2:24  Zealot  
  27  2:26  Probe (Chrono Boost)  
  31  2:37  Zealot  
  31  2:38  Probe (Chrono Boost)  
  31  2:39  Pylon  
  33  2:49  Pylon  
  33  2:58  Zealot  
  35  3:08  Stargate  
  36  3:20  Probe (Chrono Boost)  
  36  3:21  Gateway  
  34  3:37  Probe (Chrono Boost)  
  35  3:43  Pylon  
  31  4:05  Oracle  
  31  4:10  Stalker x2  
  36  4:22  Stalker  
  38  4:36  Oracle  
  41  4:47  Pylon  
  41  4:55  Stalker  
  41  4:56  Stalker x2  
  47  5:05  Robotics Facility  
  47  5:06  Forge  
  47  5:09  Probe (Chrono Boost)  
  48  5:21  Sentry, Probe (Chrono Boost)  
  51  5:28  Zealot  
  51  5:29  Zealot  
  55  6:05  Stalker x3  
  61  6:29  Unknown, Nexus  
  61  6:32  Pylon  
  61  6:33  Pylon  
  61  7:41  Unknown  
  61  8:03  Stalker x3  
  67  8:10  Gateway  
  67  8:12  Probe (Chrono Boost), Gateway  
  68  8:21  Photon Cannon  
  68  8:22  Probe (Chrono Boost)  
  68  8:23  Photon Cannon  
  69  8:27  Photon Cannon  
  69  8:33  Probe (Chrono Boost)  
  70  8:43  Probe (Chrono Boost)  
  71  8:54  Probe (Chrono Boost)  
  69  8:59  Stalker x3  
  76  9:05  Stargate  
  76  9:08  Gateway  
Show
View Real Time Build Order
Export as new Build Order

Gracz Protoss - Winner!

Build Orders:  

Get SALT Encoding   

  12  0:01  Probe (Chrono Boost)  
  13  0:16  Pylon  
  13  0:18  Probe (Chrono Boost)  
  14  0:43  Gateway  
  14  0:49  Gateway  
  14  0:52  Probe (Chrono Boost)  
  14  0:55  Assimilator  
  15  1:09  Probe (Chrono Boost)  
  16  1:19  Probe (Chrono Boost)  
  16  1:22  Pylon  
  17  1:40  Pylon  
  17  1:43  Cybernetics Core  
  17  1:45  Probe (Chrono Boost)  
  18  2:04  Pylon  
  18  2:08  Probe (Chrono Boost)  
  19  2:10  Assimilator  
  19  2:19  Adept, Probe (Chrono Boost)  
  19  2:20  Adept  
  24  2:24  Warp Gate  
  24  3:10  Stargate  
  24  3:35  Stalker  
  24  3:38  Stalker  
  28  3:49  Pylon  
  23  4:45  Fleet Beacon, Stalker  
  25  4:46  Unknown, Nexus  
  25  4:48  Stargate, Pylon  
  25  4:52  Pylon, Gateway  
  19  5:47  Stalker x2  
  17  5:57  Unknown  
  17  5:58  Stalker  
  16  6:05  Tempest  
  21  6:19  Probe (Chrono Boost)  
  21  6:21  Sentry  
  23  6:31  Probe (Chrono Boost)  
  25  6:41  Probe (Chrono Boost)  
  25  6:43  Probe (Chrono Boost)  
  26  6:52  Sentry  
  26  6:53  Probe (Chrono Boost)  
  29  7:14  Stalker, Probe x2 (Chrono Boost)  
  33  7:26  Probe (Chrono Boost)  
  36  7:37  Probe (Chrono Boost)  
  36  7:38  Stalker, Probe (Chrono Boost)  
  36  7:41  Stalker  
  40  7:49  Gateway  
  40  8:02  Tempest  
  40  8:12  Probe (Chrono Boost)  
  46  8:14  Probe (Chrono Boost)  
  46  8:27  Stalker  
  48  8:40  Mothership Core (Chrono Boost)  
  50  8:43  Stalker  
  39  8:58  Probe (Chrono Boost)  
  39  9:00  Probe (Chrono Boost)  
  41  9:06  Pylon, Stalker  
  41  9:09  Probe (Chrono Boost)  
  44  9:15  Sentry  
Tags
 
Add a new tag
Caveats
  • Supply blocks, unpowered buildings, or Contaminate may cause inaccurate times.
  • Supply counts are checked every 10 seconds.